 Dungeon Crawl Stone Soup version 0.17-a0-1900-g45e8110 (webtiles) character file.

9472 4thArraOfDagon the Grappler (level 11, -4/103 HPs)
             Began as a Naga Monk on Sept 24, 2015.
             Was a Priest of Cheibriados.
             Slain by a centaur warrior (12 damage)
             ... on level 14 of the Dungeon.
             The game lasted 00:29:19 (4611 turns).

4thArraOfDagon the Grappler (Naga Monk)             Turns: 4611, Time: 00:29:20

Health: -4/103     AC:  9    Str: 27    XL:     11   Next: 47%
Magic:  9/17       EV: 15    Int: 29    God:    Cheibriados [***...]
Gold:   376        SH:  0    Dex: 21    Spells: 1 memorised, 10 levels left

rFire  + . .     SeeInvis +     y - staff of wizardry {!a}
rCold  + . .     Clarity  .     n - +1 robe {rC+ rF+}
rNeg   . . .     SustAt   .     (no shield)
rPois  +         Gourm    .     (no helmet)
rElec  .         Spirit   .     C - +2 cloak
rCorr  .         Warding  .     e - +0 pair of gloves
rMut   .         Stasis   .     (no barding)
MR     ++...                    s - amulet of faith
Stlth  +++.......               x - +5 ring of strength
                                r - ring of protection from magic

@: brilliant, very slightly contaminated, very slow, very resistant to hostile
enchantments, fairly stealthy
A: see invisible, clever 1, deformed body, poison resistance, slowness 2, slow
metabolism 1, spit poison 2, AC +3
a: Spit Poison, Bend Time, Temporal Distortion, Renounce Religion


You were on level 14 of the Dungeon.
You worshipped Cheibriados.
Cheibriados was most pleased with you.
You were not hungry.

You visited 1 branch of the dungeon, and saw 15 of its levels.
You visited the Abyss 1 time.

You collected 376 gold pieces.

Inventory:

Hand weapons
 c - the +6 arbalest "Hellfire" {hellfire, rF++ rC- MR+}
   (You found it on level 9 of the Dungeon)

   It greatly protects you from fire.
   It makes you vulnerable to cold.
   It affects your resistance to hostile enchantments.
 q - the +8 spear "Rophoc" {holy, Int+2}
   (You found it on level 8 of the Dungeon)

   It has been blessed by the Shining One to cause great damage to the undead
   and demons.
   It affects your intelligence (+2).
 E - a +1 scimitar of flaming
Armour
 e - a +0 pair of gloves (worn)
 n - a +1 robe of resistance (worn)
 z - a +0 shield
 C - a +2 cloak (worn)
Magical staves
 y - an uncursed staff of wizardry (weapon) {!a}
Jewellery
 p - an uncursed ring of positive energy
 r - a ring of protection from magic (left hand)
 s - an amulet of faith (around neck)
 x - a +5 ring of strength (right hand)
Magical devices
 a - a wand of teleportation (1)
 f - a wand of lightning (8)
 o - a wand of digging (15)
Scrolls
 u - 2 scrolls of random uselessness {unknown}
 v - a scroll of teleportation
 D - a scroll of remove curse
Potions
 i - 2 potions of curing
 j - a potion of mutation {unknown}
 l - 2 potions of brilliance
 t - a potion of degeneration
 w - a potion of resistance
 A - a potion of might
Books
 m - a book of Ice

   Spells                             Type                      Level
   a - Ice Form                       Ice/Transmutation            4
   b - Metabolic Englaciation         Hexes/Ice                    5
   c - Ozocubu's Refrigeration        Ice                          6
   d - Bolt of Cold                   Conjuration/Ice              6
   e - Freezing Cloud                 Conjuration/Ice/Air          6
   f - Simulacrum                     Ice/Necromancy               6
Comestibles
 b - 7 bread rations
 d - 5 fruits
 g - 5 meat rations


   Skills:
 + Level 8.0 Fighting
 + Level 6.8 Dodging
 - Level 3.0 Stealth
 * Level 0.2 Shields
 * Level 11.2 Unarmed Combat
 - Level 2.0 Spellcasting
 - Level 3.5 Transmutations
 - Level 3.4 Ice Magic
 + Level 8.0 Invocations


You had 10 spell levels left.
You knew the following spells:

 Your Spells              Type           Power        Failure   Level  Hunger
a - Ice Form              Ice/Trmt       #####...     3%          4    ####...


Dungeon Overview and Level Annotations

Branches:
Dungeon (15/15)
 Temple: D:4-7         Lair: D:8-11         Orc: D:9-12      Vaults: D:13-14
 Depths: D:15

Altars:
Cheibriados
Dithmenos
Elyvilon
Kikubaaqudgha
Qazlal
Trog
Zin
The Shining One

Shops:
D:10 (   D:12 ?   D:15 %*[

Annotations:
D:3 Goblin1989's ghost, weakling TrHu
D:10 Maud
D:15 exclusion: cyclops


Innate Abilities, Weirdness & Mutations

You cannot wear boots.
Your serpentine skin is tough (AC +3).
You have supernaturally acute eyesight.
Armour fits poorly on your strangely shaped body.
Your system is resistant to poisons.
You cover ground very slowly.
You have a slow metabolism.
You can spit poison.
Your mind is acute. (Int +2)


Message History

Confirm with . or Enter, or press ? or * to list all spells.
You miscast Ice Form.
You are very lightly contaminated with residual magic.
Nothing appears to happen.
The centaur warrior hits you!
* * * LOW HITPOINT WARNING * * *
Unknown command.
Unknown command.
Casting: Ice Form
Confirm with . or Enter, or press ? or * to list all spells.
You miscast Ice Form.
Frost covers your body. The centaur warrior hits you.
* * * LOW HITPOINT WARNING * * *
The centaur warrior hits you.
* * * LOW HITPOINT WARNING * * *
Unknown command.
Unknown command.
Drink which item? (? for menu, Esc to quit)
It was a potion of brilliance.
You feel clever all of a sudden. The centaur warrior hits you!
You die...

############
#...........
#...........
#...........
#......)....
#.@....5....
#c.(>...(...
##########+#


You could see a centaur warrior and a crimson imp.

Vanquished Creatures
  2 centaur warriors
  2 tengu warriors (D:13)
  2 cyclopes
  Maurice (D:13)
  Psyche (D:8)
  3 centaur skeletons (D:13)
  3 efreet
  A two-headed ogre (D:12)
  2 trolls
  6 yaks (D:13)
  A trapdoor spider (D:15)
  3 black bears
  A sky beast (D:5)
  An eye of draining (D:11)
  A necrophage (D:9)
  8 centaurs
  2 ice beasts
  A big kobold (D:9)
  An ogre (D:5)
  A gnoll sergeant (D:11)
  4 giant frogs
  3 wights (D:12)
  A crimson imp (D:8)
  2 hounds
  A giant frog zombie (D:11)
  An iguana (D:11)
  A giant frog skeleton (D:10)
  5 worker ants
  A worker ant zombie (D:6)
  3 gnolls (D:11)
  6 adders
  A shadow imp (D:11)
  A worm (D:6)
  A giant gecko (D:11)
  8 orcs
  2 giant cockroaches
  3 hobgoblins
  4 jackals (D:6)
  2 quokkas
  3 bats
  3 giant newts
  4 goblins
  A jackal skeleton (D:9)
  9 kobolds
  3 rats (D:3)
116 creatures vanquished.

Notes
Turn   | Place    | Note
--------------------------------------------------------------
     0 | D:1      | 4thArraOfDagon the Naga Monk began the quest for the Orb.
     0 | D:1      | Reached XP level 1. HP: 21/21 MP: 1/1
     2 | D:2      | Found a shadowy altar of Dithmenos.
    35 | D:2      | Found a glowing golden altar of the Shining One.
    36 | D:2      | Found a bloodstained altar of Trog.
   140 | D:4      | Noticed a worker ant
   173 | D:3      | Noticed Goblin1989's ghost (weakling TrHu)
   384 | D:3      | Reached XP level 2. HP: 22/28 MP: 2/2
   408 | D:3      | Found a snail-covered altar of Cheibriados.
   416 | D:3      | Became a worshipper of Cheibriados the Contemplative
   416 | D:3      | Acquired Cheibriados's first power
   621 | D:1      | Reached XP level 3. HP: 31/34 MP: 3/3
   898 | D:4      | Noticed a phantom
   905 | D:5      | Entered Level 5 of the Dungeon
   911 | D:5      | Noticed a centaur
   920 | D:5      | Killed a centaur
   920 | D:5      | Reached skill level 5 in Unarmed Combat
   920 | D:5      | Reached skill level 1 in Invocations
   920 | D:5      | Reached XP level 4. HP: 25/42 MP: 3/5
   920 | D:5      | Reached XP level 5. HP: 28/49 MP: 3/6
  1014 | D:5      | Noticed an ogre
  1020 | D:5      | Killed an ogre
  1020 | D:5      | Acquired Cheibriados's second power
  1144 | D:6      | Noticed a sky beast
  1154 | D:5      | Killed a sky beast
  1154 | D:5      | Reached XP level 6. HP: 41/57 MP: 7/7
  1402 | D:6      | im fucked
  1490 | D:6      | Noticed an ice beast
  1502 | D:6      | Found a stormy altar of Qazlal.
  1505 | D:6      | Found a glowing silver altar of Zin.
  1505 | D:6      | Found a white marble altar of Elyvilon.
  1505 | D:6      | Found an ancient bone altar of Kikubaaqudgha.
  1515 | D:6      | Noticed an ice beast
  1521 | D:6      | Gained mutation: Your mind is acute. (Int +2) [potion of beneficial mutation]
  1533 | D:6      | Killed an ice beast
  1533 | D:6      | Reached skill level 6 in Unarmed Combat
  1566 | D:7      | Reached XP level 7. HP: 58/64 MP: 7/9
  1721 | D:8      | Noticed Psyche
  1734 | D:8      | Killed Psyche
  1842 | D:8      | Got a transparent spear
  1904 | D:8      | Reached skill level 7 in Unarmed Combat
  1904 | D:8      | Reached XP level 8. HP: 23/73 MP: 10/10
  2025 | D:9      | Reached skill level 5 in Fighting
  2108 | D:9      | Acquired Cheibriados's third power
  2139 | D:9      | Noticed an unseen horror
  2275 | D:10     | Entered Level 10 of the Dungeon
  2401 | D:10     | Found Yvvitutu's Weapon Shop.
  2418 | D:10     | Noticed Maud
  2423 | D:11     | Noticed a cyclops
  2446 | D:11     | Reached skill level 8 in Unarmed Combat
  2448 | D:11     | Reached skill level 5 in Invocations
  2485 | D:11     | Reached XP level 9. HP: 65/82 MP: 12/12
  2497 | D:11     | Noticed a cyclops
  2540 | D:11     | Killed a cyclops
  2540 | D:11     | Reached skill level 5 in Dodging
  2651 | D:11     | Acquired Cheibriados's fourth power
  2781 | D:11     | Reached skill level 9 in Unarmed Combat
  2798 | D:11     | no troll
  2811 | D:11     | Noticed a troll
  2975 | D:11     | Cast into the Abyss (gnoll sergeant)
  2989 | D:11     | Escaped the Abyss
  3137 | D:11     | Noticed a gargoyle
  3157 | D:12     | Learned a level 4 spell: Ice Form
  3182 | D:12     | Noticed a green ugly thing
  3297 | D:12     | Reached skill level 1 in Transmutations
  3297 | D:12     | Reached skill level 1 in Ice Magic
  3326 | D:12     | Reached skill level 1 in Spellcasting
  3395 | D:12     | Found Toaluots's Magic Scroll Emporium.
  3396 | D:12     | Noticed a red ugly thing
  3448 | D:12     | Noticed a centaur warrior
  3456 | D:12     | Killed a centaur warrior
  3456 | D:12     | Reached XP level 10. HP: 37/92 MP: 14/14
  3507 | D:12     | Identified the +8 spear "Rophoc" {holy, Int+2} (You found it on level 8 of the Dungeon)
  3526 | D:12     | Noticed a hill giant
  3595 | D:13     | Noticed a tengu warrior
  3604 | D:13     | Killed a tengu warrior
  3611 | D:13     | Noticed a tengu warrior
  3619 | D:13     | Killed a tengu warrior
  3619 | D:13     | Reached skill level 10 in Unarmed Combat
  3620 | D:13     | Noticed a centaur warrior
  3625 | D:13     | Killed a centaur warrior
  3815 | D:14     | Noticed a five-headed hydra
  3835 | D:13     | Reached XP level 11. HP: 96/100 MP: 12/16
  3882 | D:13     | Noticed a five-headed hydra
  4020 | D:13     | Noticed Maurice
  4032 | D:13     | Killed Maurice
  4147 | D:13     | Noticed a cyclops
  4155 | D:13     | Killed a cyclops
  4259 | D:14     | Noticed a purple ugly thing
  4259 | D:14     | Noticed a purple ugly thing
  4259 | D:14     | Noticed a purple ugly thing
  4259 | D:14     | Noticed a purple ugly thing
  4259 | D:14     | Noticed a purple ugly thing
  4259 | D:14     | Noticed a purple ugly thing
  4277 | D:13     | Reached skill level 11 in Unarmed Combat
  4450 | D:13     | You fall through a shaft for 2 floors!
  4450 | D:15     | Entered Level 15 of the Dungeon
  4450 | D:15     | Found Momyxix's Food Boutique.
  4451 | D:15     | Found Qymorph's General Store.
  4469 | D:15     | Found Pourr's Armour Boutique.
  4605 | D:14     | Noticed a centaur warrior
  4611 | D:14     | Slain by a centaur warrior

Vault maps used:
D:1:      dpeg_arrival_refuge, serial_park_tiny_pond
D:2:      nicolae_overflow_hidden_temple, first_bread,
          nicolae_dithmenos_shadow_blocks
D:3:      lemuel_crystal_altar
D:4:      temple_statues, hangedman_minor_gate_pass, uniq_duvessa
D:5:      fedhas_altar_fruit_tree
D:6:      grunt_temple_overflow_open
D:7:      uniq_pikel
D:8:      uniq_psyche, uniq_grum
D:9:      serial_shops, shop, basic_altar, serial_curves, eino_curves_01,
          eino_curves_01, the_bakery
D:10:     orc_0_dummy, serial_shops, shop, kennysheep_mini, shop,
          shop_fountains, shop, uniq_snorg, uniq_maud, uniq_nergalle
D:11:     erik_lair_island, grunt_ministairs_14
D:12:     serial_shops, nicolae_shop_competitors_out_of_business, serial_curves,
          eino_curves_02, eino_curves_02
D:13:     uniq_maurice
D:14:     david_vaults_5
D:15:     hangedman_depths_entry_try_elsewhere_first, serial_shops, shop_statue,
          shop, shop, nicolae_shop_statue_plus, nicolae_trove_entry_free_sample,
          uniq_agnes, uniq_sonja, uniq_urug

Action                   |  1- 3 |  4- 6 |  7- 9 | 10-12 || total
-------------------------+-------+-------+-------+-------++-------
Melee: Unarmed           |    49 |    48 |   221 |   101 ||   419
 Cast: Ice Form          |       |       |       |     8 ||     8
Invok: Bend Time         |       |       |     1 |       ||     1
       Slouch            |       |       |     3 |     1 ||     4
       Temporal Distorti |       |       |     1 |     6 ||     7
 Abil: Spit Poison       |    25 |    12 |    34 |     3 ||    74
       End Transformatio |       |       |       |     2 ||     2
  Use: Scroll            |     5 |     3 |     5 |     4 ||    17
       Potion            |     2 |     5 |     3 |     1 ||    11
  Eat: Beef jerky        |     1 |       |     1 |       ||     2
       Chunk             |       |     1 |     5 |     5 ||    11
       Pizza             |       |       |     1 |     1 ||     2
